AoeStats
← Jazzmushroom

Arena

508587705Analyzed
4v4 RM · 9d ago on Sep 23, 2026· 36m 13s· 8 players
Game mode
Random Map
Map size
Large (8 player)
Population
200
Speed
Normal
Resources
Standard
Victory
Conquest
Starting age
Dark Age
Ending age
Imperial Age
RankedLock teamsTeams togetherTeam positionsShared explorationLock speedFull tech treeHidden civsTurbo modeCheats
Victory
Defeat
🇭🇰 Bengalis · Hong Kong SAR China
1315
+15
🇺🇸 Ethiopians · United States
1284
+17
🇺🇸 Danes · United States
1277
+17
🇹🇼 Teutons · Taiwan
1274
+17
🇧🇴 Sicilians · Bolivia
1332
-17
🇲🇽 Franks · Mexico
1306
-17
🇲🇽 Spanish · Mexico
1280
-16
🇲🇽 Danes · Mexico
1275
-16
Jazzmushroom
9:35 Feudal Age
12:21 Loom
12:29 Double-Bit Axe
15:01 Castle Age
12:53 Horse Collar
15:51 Wheelbarrow
16:51 Bow Saw
18:01 Scale Mail Armor
25:11 Arson
25:28 Squires
26:11 Forging
27:54 Iron Casting
29:38 Chain Mail Armor
37:51 Imperial Age
36:02 Hand Cart
MONGO
9:08 Feudal Age
13:49 Castle Age
11:58 Horse Collar
13:03 Double-Bit Axe
15:17 Bow Saw
15:27 Heavy Plow
20:26 Scale Mail Armor
27:45 Wheelbarrow
26:56 Loom
27:30 Town Watch
29:39 Hand Cart
33:08 Imperial Age
31:42 Royal Heirs
32:00 Chain Mail Armor
31:56 Forging
33:03 Squires
32:49 Arson
34:16 Conscription
33:19 Elite Shotel Warrior
34:33 Plate Mail Armor
35:40 Iron Casting
飛衫走奶
6:00 Loom
8:57 Feudal Age
10:30 Fletching
17:14 Double-Bit Axe
18:23 Horse Collar
21:45 Wheelbarrow
29:15 Castle Age
29:05 Forging
29:01 Scale Barding Armor
29:49 Bloodlines
30:10 Bow Saw
明征北大将军
7:49 Loom
10:11 Feudal Age
17:15 Castle Age
28:14 Fervor
30:19 Sanctity
DSLG bolbie
10:25 Feudal Age
10:05 Loom
14:34 Castle Age
12:30 Double-Bit Axe
12:27 Horse Collar
29:42 Hamask
30:26 Stone Mining
30:26 Gold Mining
35:15 Imperial Age
32:34 Town Watch
34:42 Scale Mail Armor
35:05 Forging
35:48 Chain Mail Armor
36:28 Conscription
Komodo3000
10:31 Feudal Age
12:18 Loom
15:06 Castle Age
14:29 Double-Bit Axe
20:21 Scale Mail Armor
24:24 Husbandry
24:19 Fletching
33:23 Stone Mining
34:13 Wheelbarrow
35:56 Town Watch
u2roOck
9:46 Feudal Age
11:40 Loom
11:58 Fletching
26:11 Double-Bit Axe
26:25 Horse Collar
32:12 Castle Age
32:43 Bloodlines
33:24 Husbandry
35:53 Fortified Wall
DSLG | GORDA CACHONDA
6:54 Loom
28:47 Feudal Age
32:57 Fletching
Connection lost

Rejoining the realm…

Still unreachable

The connection could not be restored.

Session expired

The server has moved on; the page needs a fresh start.